 Dungeon Crawl Stone Soup version 0.30.1-11-g7821555f0a (webtiles) character file.

Game seed: 2005788804750169718

288 Cheops the Spear-Bearer (level 6, -8/44 HPs)
             Began as a Merfolk Gladiator on Nov 21, 2023.
             Mangled by an ogre
             ... wielding a +0 giant spiked club
              (27 damage)
             ... on level 4 of the Dungeon.
             The game lasted 00:05:36 (3657 turns).

Cheops the Spear-Bearer (Merfolk Gladiator)         Turns: 3657, Time: 00:05:37

Health: -8/44      AC:  4    Str: 17    XL:     6   Next: 31%
Magic:  6/6        EV: 13    Int:  7    God:
Gold:   157        SH:  0    Dex: 15    Spells: 5/5 levels left

rFire   . . .        a - +0 trident
rCold   . . .        (no shield)
rNeg    . . .        b - +0 leather armour
rPois   .            c - +0 helmet
rElec   .            (no cloak)
rCorr   .            (no gloves)
SInv    .            (no boots)
Will    .....        (no amulet)
Stlth   +            (no ring)
HPRegen 0.27/turn    (no ring)
MPRegen 0.10/turn

%: no passive effects
@: no status effects
A: (nimble swimmer 2), mertail
a: no special abilities


You were on level 4 of the Dungeon.
You visited 1 branch of the dungeon, and saw 4 of its levels.

You collected 157 gold pieces.

Inventory:

Hand Weapons
 a - a +0 trident (weapon)
Missiles
 d - 3 throwing nets (quivered)
 e - a javelin
Armour
 b - a +0 leather armour (worn)
 c - a +0 helmet (worn)
Jewellery
 s - a ring of wizardry
Scrolls
 f - a scroll of enchant weapon {unknown}
 j - 2 scrolls of fear {unknown}
 k - a scroll of teleportation {unknown}
 l - a scroll of vulnerability {unknown}
 m - 2 scrolls of identify {unknown}
 n - a scroll of immolation {unknown}
 o - a scroll of enchant armour {unknown}
 r - a scroll of brand weapon {unknown}
 t - a scroll of blinking {unknown}
Potions
 g - a potion of heal wounds {unknown}
 h - a potion of berserk rage {unknown}
 i - 3 potions of lignification {unknown}
 p - a potion of degeneration {unknown}
 q - a potion of mutation {unknown}
 u - a potion of brilliance {unknown}


   Skills:
 - Level 2.1 Fighting
 + Level 9.1 Polearms
 - Level 2.0 Throwing
 - Level 4.0 Dodging


You had 5 spell levels left.
You didn't know any spells.
Your spell library contained the following spells:

 Spells                   Type           Power      Damage    Failure   Level
 Necrotise                Necr           0%         1d4       50%         1
 Cigotuvi's Dreadful Rot  Necr/Pois/Air  0%         N/A       65%         2
 Poisonous Vapours        Pois/Air       0%         N/A       65%         2
 Ignite Poison            Fire/Tmut/Pois 0%         N/A       86%         3
 Mephitic Cloud           Conj/Pois/Air  0%         N/A       86%         3
 Vampiric Draining        Necr           0%         2d6       86%         3
 Agony                    Necr           0%         N/A       100%        5
 Freezing Cloud           Conj/Ice/Air   0%         6-21      100%        5


Dungeon Overview and Level Annotations

Branches:
Dungeon (4/15)
 Temple: D:4-7

Altars:
Okawaru
Xom


Innate Abilities, Weirdness & Mutations

((You are very nimble when in or above water. (Stealth+, EV+, Speed+++)))
Your lower body shifts to a powerful aquatic tail in water.


Message History

Partly explored, can't reach some places.
Search for what [Enter for "."]? .
Okay, then.
Partly explored, can't reach some places.
Partly explored, can't reach some places.
No target in view!
(D) Dungeon
Where to? (Enter - D:3, ? - help)
There is an escape hatch in the ceiling here.
There is an escape hatch in the floor here.
There is a stone staircase leading down here.
You climb downwards.
There is a stone staircase leading up here.
There is a stone staircase leading up here.
An ogre comes into view. It is wielding a +0 giant spiked club.
An ogre is nearby!
An ogre is nearby!
The ogre shouts!
You hit the ogre but do no damage. You barely miss the ogre.
The ogre hits you with a +0 giant spiked club!!
Ouch! That really hurt!
* * * LOW HITPOINT WARNING * * *
You are too injured to fight recklessly!
You are too injured to fight recklessly!
You are too injured to fight recklessly!
You are too injured to fight recklessly!
You are too injured to fight recklessly!
You are too injured to fight recklessly!
You are too injured to fight recklessly!
You are too injured to fight recklessly!
You are too injured to fight recklessly!
You completely miss the ogre. The ogre misses you.
You puncture the ogre!
The ogre is moderately wounded.
You hit the ogre.
The ogre is moderately wounded.
The ogre hits you with a +0 giant spiked club!!
Ouch! That really hurt!
You die...

#..<.#######
#.####
##.####
#.....#
###...#
##....##
##....##
##....##
#O@..##
#....##
#.....#
#.####.# #
#.# ... #.#
..


You could see an ogre.

Vanquished Creatures
  An orc priest (D:2)
  Jessica (D:2)
  An orc wizard (D:3)
  Natasha (thrice) (D:2)
  3 gnolls
  3 worms (D:2)
  2 dart slugs
  6 orcs
  10 bats
  5 endoplasms
  A giant cockroach (D:1)
  10 goblins
  4 hobgoblins
  7 jackals (D:1)
  12 kobolds
  5 quokkas (D:3)
  2 ball pythons
  2 frilled lizards
  8 rats
86 creatures vanquished.

Notes
Turn   | Place    | Note
-------+----------+-------------------------------------------
     0 | D:1      | Cheops the Merfolk Gladiator began the quest for the Orb.
     0 | D:1      | Reached XP level 1. HP: 16/16 MP: 1/1
    97 | D:1      | Reached XP level 2. HP: 22/22 MP: 2/2
   217 | D:1      | Reached skill level 5 in Polearms
   584 | D:1      | Reached XP level 3. HP: 27/27 MP: 3/3
   914 | D:2      | Noticed Jessica
   920 | D:2      | Killed Jessica
   921 | D:2      | Reached skill level 6 in Polearms
   921 | D:2      | Reached XP level 4. HP: 33/33 MP: 4/4
  1193 | D:2      | Noticed Natasha
  1203 | D:2      | Killed Natasha
  1204 | D:2      | Reached skill level 7 in Polearms
  1412 | D:2      | Reached XP level 5. HP: 38/38 MP: 5/5
  1633 | D:2      | Noticed Natasha
  1641 | D:2      | Killed Natasha
  1922 | D:2      | Noticed Natasha
  1930 | D:2      | Killed Natasha
  1931 | D:2      | Reached skill level 8 in Polearms
  2275 | D:3      | Found an iron altar of Okawaru.
  2584 | D:2      | Reached XP level 6. HP: 12/44 MP: 6/6
  2901 | D:3      | Reached skill level 9 in Polearms
  3132 | D:3      | Found a shimmering altar of Xom.
  3657 | D:4      | Mangled by an ogre

Illustrated notes

Levels and vault maps discovered:
D:1:      amcnicky_arrival_choice, layout_loops_ring, minivault_5, hex_large
D:2:      minmay_wonky_spiral, layout_basic, kennysheep_generic_room_8,
          uniq_jessica, uniq_natasha
D:3:      wad_woods_stonehenge, layout_loops_ring, mainiacjoe_overflow_alcove_4,
          wad_orctagon
D:4:      minmay_octagon_keep, layout_rooms, nzn_hepliaklqana_mist_gate,
          nrook_mini_backslash, grunt_decor_fettered

Skill      XL: |  1  2  3  4  5  6 |
---------------+-------------------+-----
Polearms       | 5 6 7 8 9 |  9.1
Fighting       | |  2.1
Throwing       | |  2.0
Dodging        | |  4.0

Action                     |  1- 3 |  4- 6 || total
---------------------------+-------+-------++-------
  Melee: Trident           |    88 |   208 ||   296
         Punch             |     1 |     1 ||     2
   Stab: Sleeping          |     5 |     1 ||     6
 Armour: Leather armour    |    21 |    42 ||    63
  Dodge: Dodged            |    45 |    96 ||   141
